 Dungeon Crawl Stone Soup version 0.19-a0-291-ga637243 (console) character file.

63 lauthentik the Ruffian (level 3, 0/29 HPs)
             Began as a Draconian Transmuter on May 27, 2016.
             Slain by a sky beast (3 damage)
             ... on level 6 of the Dungeon.
             The game lasted 00:04:31 (1855 turns).

lauthentik the Ruffian (Draconian Transmuter)       Turns: 1855, Time: 00:04:32

Health: 0/29       AC:  5    Str: 12    XL:     3   Next: 87%
Magic:  6/6        EV: 12    Int: 14    God:
Gold:   151        SH:  0    Dex: 11    Spells: 1 memorised, 5 levels left

rFire  . . .     SeeInvis .       - Unarmed
rCold  . . .     Gourm    .     (armour unavailable)
rNeg   . . .     Faith    .     (no shield)
rPois  .         Spirit   .     (helmet restricted)
rElec  .         Dismiss  .     (no cloak)
rCorr  .         Reflect  .     (no gloves)
SustAt .         Harm     .     (boots currently unavailable)
MR     .....                    (no amulet)
Stlth  +.........               (no ring)
                                (no ring)

@: appendage (expiring), not resistant to hostile enchantments, very unstealthy
A: unfitting armour, talons 3, cold-blooded, AC +5
a: End Transformation


You were on level 6 of the Dungeon.
You were very hungry.
You had grown temporary talons.
You visited 1 branch of the dungeon, and saw 4 of its levels.

You collected 151 gold pieces.

Inventory:

Hand Weapons
 p - a +2 spear of freezing
Missiles
 a - 12 arrows
 n - 21 poisoned needles
Scrolls
 e - 6 scrolls of identify {unknown}
 h - a scroll of enchant weapon {unknown}
 i - a scroll of fog {unknown}
 j - a scroll of magic mapping {unknown}
 k - 3 scrolls of random uselessness {unknown}
 q - a scroll of remove curse {unknown}
 s - a scroll of blinking {unknown}
Potions
 f - a potion of curing {unknown}
 g - 2 potions of invisibility {unknown}
 l - 2 potions of degeneration {unknown}
 o - a potion of agility {unknown}
 r - a potion of heal wounds {unknown}
Books
 b - a book of Changes

   Spells                             Type                      Level
   a - Beastly Appendage              Transmutation                1
   b - Sticks to Snakes               Transmutation                2
   c - Spider Form                    Transmutation/Poison         3
   d - Ice Form                       Ice/Transmutation            4
   e - Blade Hands                    Transmutation                5
Comestibles
 c - 2 bread rations
 d - 2 meat rations
 m - 3 fruits


   Skills:
 + Level 2.0 Fighting
 + Level 2.2 Dodging
 + Level 3.9 Unarmed Combat
 + Level 2.1 Spellcasting
 + Level 2.2 Transmutations


You had 5 spell levels left.
You knew the following spells:

 Your Spells              Type           Power        Failure   Level  Hunger
a - Beastly Appendage     Tmut           #.....       12%         1    #......


Dungeon Overview and Level Annotations

Branches:
Dungeon (3/15)

Altars:
Kikubaaqudgha


Innate Abilities, Weirdness & Mutations

Your plain brown scales are hard (AC +5).
Your body does not fit into most forms of armour.
You are cold-blooded and may be slowed by cold attacks.
You have claws for feet.


Message History

Something shocks you.
You miss something.
Your transformation is almost over.
Something hits you but does no damage.
You miss something. Something hits you but does no damage.
You barely miss something. You closely miss something. Something hits you.
* * * LOW HITPOINT WARNING * * *
Something shocks you.
* * * LOW HITPOINT WARNING * * *
You miss something. Your kick misses something.
A sky beast appears from thin air!
Reactivating autopickup.
The sky beast barely misses you.
You closely miss the sky beast. Your kick misses the sky beast.
The sky beast is moderately wounded.
The sky beast flickers out of sight!
Deactivating autopickup; reactivate with Ctrl-A.
Something hits you.
You die...

...≈_.# ..≈... ###
≈≈≈... .# #.. ≈≈≈≈.#
.#.# #.#
≈≈≈..##.#.####+#{#####
≈≈≈...#.#.......@#...#
≈≈≈.⌠............#.#.#
...................#.#
#####............###.#
#................#
#............##.##
##..............#
#...........##.#
#............#.#


There were no monsters in sight!

Vanquished Creatures
  2 adders (D:2)
  An ooze (D:1)
  2 dart slugs (D:1)
  3 giant cockroaches
  2 goblins
  6 hobgoblins
  2 jackals (D:2)
  3 kobolds
  2 quokkas
  5 bats
  A giant newt (D:2)
  5 rats
34 creatures vanquished.

Notes
Turn   | Place    | Note
--------------------------------------------------------------
     0 | D:1      | lauthentik the Draconian Transmuter began the quest for the Orb.
     0 | D:1      | Reached XP level 1. HP: 16/16 MP: 3/3
   349 | D:1      | Reached XP level 2. HP: 23/23 MP: 5/5
  1055 | D:2      | Reached XP level 3. HP: 26/28 MP: 6/6
  1802 | D:3      | You fall through a shaft for 3 floors!
  1802 | D:6      | Found an ancient bone altar of Kikubaaqudgha.
  1838 | D:6      | Noticed a sky beast
  1855 | D:6      | Slain by a sky beast

Vault maps used:
D:1:      nagdon_arrival_double_spiral, hangedman_decor_points,
          kennysheep_decorative_pillar
D:3:      bloody_makhleb
D:6:      kiku_gazebo_pond_becter, nicolae_gozag_zags_fifth_avenue,
          uniq_prince_ribbit1

Skill      XL: |  1  2  3 |
---------------+----------+-----
Dodging        | 2 |  2.2
Fighting       | 2 |  2.0
Unarmed Combat | |  3.9
Spellcasting   | |  2.1
Transmutations | |  2.2

Action                   || total
-------------------------++-------
Melee: Unarmed           ||   167
       Tailslap          ||    11
       Kick              ||     5
       Punch             ||     3
       Spear             ||     4
 Cast: Beastly Appendage ||     4
 Stab: Sleeping          ||     1
  Eat: Chunk             ||     2
Armor: Skin              ||    55
Dodge: Dodged            ||    95
